 Dungeon Crawl Stone Soup version 0.17.2-1-ge4368a0 (webtiles) character file.

1206 Goblin1989 the Basher (level 8, -1/58 HPs)
             Began as a Demonspawn Fighter on Oct 19, 2016.
             Was an Initiate of Gozag.
             Slain by Menkaure (9 damage)
             ... on level 5 of the Dungeon.
             The game lasted 00:15:13 (4965 turns).

Goblin1989 the Basher (Demonspawn Fighter)          Turns: 4965, Time: 00:15:13

Health: -1/58      AC:  8    Str: 19    XL:     8   Next: 21%
Magic:  2/2        EV:  9    Int:  9    God:    Gozag
Gold:   439        SH:  9    Dex: 13    Spells: 0 memorised, 7 levels left

rFire  . . .     SeeInvis +     b - +2 flail (antimagic)
rCold  . . .     Clarity  .     q - +0 scale mail {MR+}
rNeg   . . .     SustAt   .     c - +0 shield
rPois  .         Gourm    .     (no helmet)
rElec  .         Spirit   .     v - +1 cloak {+Inv}
rCorr  .         Warding  .     (no gloves)
rMut   .         Stasis   .     (no boots)
MR     +....                    (no amulet)
Stlth  ..........               (no ring)
                                s - ring of see invisible

@: somewhat resistant to hostile enchantments, extremely unstealthy
A: hooves 2, repulsion field 1, demonic guardian 2
a: Potion Petition, Call Merchant, Bribe Branch, Renounce Religion, Evoke
Invisibility


You were on level 5 of the Dungeon.
You worshipped Gozag.
Gozag was noncommittal.
You were not hungry.

You visited 2 branches of the dungeon, and saw 6 of its levels.
You also visited: Ossuary.

You collected 479 gold pieces.
You paid 40 gold pieces to Gozag.

Inventory:

Hand Weapons
 b - a +2 antimagic flail (weapon)
Armour
 c - a +0 shield (worn)
 d - a +0 plate armour
 q - a +0 scale mail of magic resistance (worn)
 v - a +1 cloak of invisibility (worn)
Jewellery
 a - the amulet of Pilued {Inacc rC+ MP+9}
   (You found it on level 5 of the Dungeon)

   [amulet of inaccuracy]

   It reduces the accuracy of all your attacks.
   It protects you from cold.
   It affects your magic capacity (+9).
 s - a ring of see invisible (left hand)
Wands
 o - a wand of magic darts (48)
Scrolls
 f - 2 scrolls of remove curse {@r2}
 k - a scroll of noise {!r}
 m - 5 scrolls of amnesia
 n - a scroll of recharging
 u - 2 scrolls of enchant weapon
 R - 3 scrolls of identify {@r1}
 T - 5 scrolls of teleportation {!r, @r4}
Potions
 g - 4 potions of curing {@q1}
 h - a potion of ambrosia {unknown}
 i - a potion of cure mutation {unknown}
 j - 3 potions of heal wounds {unknown}
 l - 3 potions of agility {unknown}
 p - a potion of lignification {unknown}
 w - 2 potions of degeneration {unknown}
 x - 2 potions of poison {unknown}
Comestibles
 e - 4 bread rations {@e1}
 t - 6 fruits


   Skills:
 - Level 3.0 Fighting
 + Level 9.2 Maces & Flails
 - Level 2.6 Armour
 - Level 2.6 Shields


You had 7 spell levels left.
You didn't know any spells.

Dungeon Overview and Level Annotations

Branches:
Dungeon (5/15)             Temple (1/1) D:4

Altars:
Cheibriados
Dithmenos
Elyvilon
Fedhas
Gozag
Kikubaaqudgha
Makhleb
Nemelex Xobeh
Okawaru
Qazlal
Ru
Sif Muna
Trog
Vehumet
Xom
Yredelemnul
Zin
The Shining One

Annotations:
D:5 Menkaure


Innate Abilities, Weirdness & Mutations

You have hoof-like feet.
You are surrounded by a mild repulsion field (EV +2).
A demonic guardian rushes to your aid.


Message History

You thump Menkaure!
Menkaure's magic leaks into the air.
Menkaure is no longer distracted by gold.
You kick Menkaure, but do no damage.
Menkaure is moderately damaged.
Your ice devil disappears in a puff of smoke!
Menkaure hits you!
* * * LOW HITPOINT WARNING * * *
You take 12 damage, and have 16/58 hp.
MASSIVE DAMAGE!!
You hit Menkaure.
Menkaure's magic leaks into the air.
Your kick misses Menkaure.
Menkaure is heavily damaged.
Menkaure hits you!
* * * LOW HITPOINT WARNING * * *
You take 9 damage, and have 7/58 hp.
Unknown command.
You hit Menkaure but do no damage.
Menkaure is heavily damaged.
Menkaure hits you!
You die...
Your body crumbles into a pile of gold.

...██ ....█ ....█
....█ )[.██ ███ ....█
█.. ....█ ██.█████
....███ █..█$.$█
....$.█ █..M@..█
...██(█ █..█..3█
..███(███ █..█████[
...█.$.$█ ██o.$.....
.....██$████n.......█
██... █...$a.██...███
█....██..█>██ .███
.?.█..[██.█..█ .█
████. ........█


You could see Menkaure and a friendly sun demon.

Vanquished Creatures
  Grinder (D:3)
  A necrophage (D:5)
  An elf zombie (Ossuary)
  A giant frog (D:3)
  A scorpion (D:5)
  A centaur skeleton (D:5)
  2 orc priests
  Crazy Yiuf (D:3)
  An orc wizard (D:5)
  A centaur zombie (Ossuary)
  A human zombie (Ossuary)
  A worker ant (D:5)
  A big kobold zombie (Ossuary)
  2 hound zombies (Ossuary)
  3 mummies (Ossuary)
  6 adders
  2 oozes (D:3)
  An adder skeleton (D:5)
  3 adder zombies (Ossuary)
  8 worms
  4 giant geckos
  15 orcs
  11 giant cockroaches
  2 gnoll zombies (Ossuary)
  7 goblins
  7 hobgoblins
  5 jackals
  3 quokkas
  2 ball pythons
  14 bats
  A giant gecko skeleton (D:4)
  6 giant newts
  5 goblin zombies (Ossuary)
  A hobgoblin zombie (Ossuary)
  5 jackal zombies (Ossuary)
  12 kobolds
  7 kobold zombies (Ossuary)
  2 orc zombies (Ossuary)
  A quokka zombie (Ossuary)
  5 rats
  2 rat zombies (Ossuary)
156 creatures vanquished.

Vanquished Creatures (collateral kills)
  An ogre (D:5)
  3 killer bees (D:4)
  A crimson imp (D:5)
  An orc priest (D:5)
  Ijyb (D:2)
  3 orcs (D:5)
  2 rats (D:3)
12 creatures vanquished.

Grand Total: 168 creatures vanquished

Notes
Turn   | Place    | Note
--------------------------------------------------------------
     0 | D:1      | Goblin1989 the Demonspawn Fighter began the quest for the Orb.
     0 | D:1      | Reached XP level 1. HP: 18/18 MP: 1/1
   409 | D:1      | Gained mutation: You are surrounded by a mild repulsion field (EV +2). [demonic ancestry]
   409 | D:1      | Reached XP level 2. HP: 18/24 MP: 2/2
   933 | D:2      | Gained mutation: A weak demonic guardian rushes to your aid. [demonic ancestry]
   933 | D:2      | Reached XP level 3. HP: 26/29 MP: 3/3
  1433 | D:2      | Gained mutation: You have large cloven feet. [demonic ancestry]
  1433 | D:2      | Reached XP level 4. HP: 24/35 MP: 4/4
  1547 | D:2      | Noticed Ijyb
  1552 | D:2      | Killed Ijyb
  1552 | D:2      | Reached skill level 4 in Maces & Flails
  2297 | D:3      | Reached skill level 5 in Maces & Flails
  2297 | D:3      | Gained mutation: You have hoof-like feet. [demonic ancestry]
  2297 | D:3      | Reached XP level 5. HP: 8/41 MP: 1/5
  2438 | D:3      | Noticed a giant frog
  2444 | D:3      | Killed a giant frog
  2623 | D:3      | Noticed Grinder
  2628 | D:3      | Killed Grinder
  2628 | D:3      | Reached skill level 6 in Maces & Flails
  2628 | D:3      | Gained mutation: A demonic guardian rushes to your aid. [demonic ancestry]
  2628 | D:3      | Reached XP level 6. HP: 27/47 MP: 2/6
  2689 | D:3      | Found a sparkling altar of Nemelex Xobeh.
  3023 | D:3      | Noticed Crazy Yiuf
  3032 | D:3      | Killed Crazy Yiuf
  3377 | D:4      | Reached skill level 7 in Maces & Flails
  3377 | D:4      | Reached XP level 7. HP: 52/52 MP: 2/7
  3544 | D:4      | Found a staircase to the Ecumenical Temple.
  3555 | Temple   | Entered the Ecumenical Temple
  3638 | Temple   | Became a worshipper of Gozag Ym Sagoz the Greedy
  4272 | D:5      | Entered Level 5 of the Dungeon
  4313 | D:5      | Got a twitching sapphire amulet
  4314 | D:5      | Identified the amulet of Pilued {Inacc rC+ MP+9} (You found it on level 5 of the Dungeon)
  4357 | D:5      | Found a sand-covered staircase.
  4362 | Ossuary  | Entered an ossuary
  4518 | Ossuary  | Reached skill level 8 in Maces & Flails
  4893 | Ossuary  | Reached XP level 8. HP: 55/58 MP: 2/8
  4956 | D:5      | Reached skill level 9 in Maces & Flails
  4958 | D:5      | Noticed Menkaure
  4965 | D:5      | Slain by Menkaure

Action                   |  1- 3 |  4- 6 |  7- 9 || total
-------------------------+-------+-------+-------++-------
Melee: Flail             |   171 |   131 |   238 ||   540
  Use: Scroll            |       |     1 |     6 ||     7
       Potion            |       |     1 |       ||     1
  Eat: Chunk             |     2 |     6 |     1 ||     9
       Pizza             |       |       |     2 ||     2
       Beef jerky        |       |       |     1 ||     1

Vault maps used:
D:1:      dpeg_arrival_rhombus
D:2:      first_bread, moated_statue, uniq_iyjb
D:3:      minmay_misc_feat_five, nemelex_spade_bored_becter,
          uniq_crazy_yiuf_cottage, uniq_grinder
D:4:      minmay_temple_entry_glass
D:5:      enter_ossuary_2, uniq_menkaure
Temple:   kilobyte_greek_temple_18
Ossuary:  minmay_ossuary_two_tombs
